 Dungeon Crawl Stone Soup version 0.18.1-48-g4cf74bf (webtiles) character file.

52 tyrion the Firebug (level 3, 0/37 HPs)
             Began as a Demonspawn Fire Elementalist on Aug 18, 2016.
             Succumbed to an adder's poison
             ... on level 3 of the Dungeon.
             The game lasted 00:03:57 (1937 turns).

tyrion the Firebug (Demonspawn Fire Elementalist)   Turns: 1937, Time: 00:03:58

Health: 0/37       AC: 21    Str:  8    XL:     3   Next: 60%
Magic:  6/6        EV:  2    Int: 17    God:
Gold:   75         SH:  0    Dex: 13    Spells: 3 memorised, 0 levels left

rFire  . . .     SeeInvis .     h - +2 dagger (elec)
rCold  . . .     Gourm    .     (armour currently unavailable)
rNeg   + + +     Faith    .     (no shield)
rPois  +         Spirit   .     (helmet currently unavailable)
rElec  .         Dismiss  .     (cloak currently unavailable)
rCorr  .         Reflect  .     (gloves currently unavailable)
SustAt .         Harm     .     (boots currently unavailable)
MR     .....     NoTele   +     (no amulet)
Stlth  ++........               (no ring)
                                (no ring)

@: lethally poisoned (0 -> -2), tree-form, very slightly contaminated, hasted,
very quick, not resistant to hostile enchantments, unstealthy
A: (talons 0)
a: no special abilities


You were on level 3 of the Dungeon.
You were not hungry.
You were a tree.
You visited 1 branch of the dungeon, and saw 3 of its levels.

You collected 75 gold pieces.

Inventory:

Hand Weapons
 e - a +0 spear
 h - a +2 dagger of electrocution (weapon)
Armour
 a - a +0 robe (melded)
Scrolls
 g - 3 scrolls of teleportation {unknown}
 j - a scroll of enchant weapon {unknown}
 k - 2 scrolls of immolation {unknown}
 m - a scroll of remove curse {unknown}
 n - a scroll of identify {unknown}
 o - a scroll of blinking {unknown}
 r - a scroll of enchant armour {unknown}
Potions
 l - a potion of cancellation
Books
 b - a book of Flames

   Spells                             Type                      Level
   a - Flame Tongue                   Conjuration/Fire             1
   b - Throw Flame                    Conjuration/Fire             2
   c - Conjure Flame                  Conjuration/Fire             3
   d - Inner Flame                    Hexes/Fire                   3
   e - Sticky Flame                   Conjuration/Fire             4
   f - Fireball                       Conjuration/Fire             5
Comestibles
 c - 2 bread rations
 f - 4 fruits


   Skills:
 + Level 0.8 Fighting
 * Level 0.3 Short Blades
 - Level 0.3 Polearms
 + Level 1.7 Dodging
 - Level 1.7 Stealth
 + Level 2.2 Spellcasting
 * Level 2.4 Conjurations
 * Level 3.0 Fire Magic


You couldn't memorise any spells.
You knew the following spells:

 Your Spells              Type           Power        Failure   Level  Hunger
a - Flame Tongue          Conj/Fire      ##...        10%         1    #......
b - Throw Flame           Conj/Fire      ##....       12%         2    ###....
c - Conjure Flame         Conj/Fire      ##......     21%         3    ###....


Dungeon Overview and Level Annotations

Branches:
Dungeon (3/15)

Altars:

Annotations:
D:2 Sigmund


Innate Abilities, Weirdness & Mutations

((You have sharp toenails.))


Message History

You are very lightly contaminated with residual magic.
Drink which item? (? for menu, Esc to quit)
It was a potion of lignification.
You turn into a tree.
Your +0 robe melds into your body.
Your roots penetrate the ground.
* * * LOW HITPOINT WARNING * * *
You feel sick.
There is a lethal amount of poison in your body!
There is a lethal amount of poison in your body!
There is a lethal amount of poison in your body!
There is a lethal amount of poison in your body!
There is a lethal amount of poison in your body!
* * * LOW HITPOINT WARNING * * *
You feel sick.
* * * LOW HITPOINT WARNING * * *
You feel sick.
Drink which item? (? for menu, Esc to quit)
Okay, then.
Read which item? (? for menu, Esc to quit)
Okay, then.
You die...

####.## #######
#(....# #.....#
#.#...# #.....#
#.##..# #..?%.#
####.####
#.....# #..##.#
#.....# #.#.#.#
###.### #.##.##
#.# ##♣### #.###
#.#|# #...# #.
#.. #######....
#.
#.###..........
##
##......#..#..
#.[#..#.....
#..#........
#..##.......
##.##..####..###


There were no monsters in sight!

Vanquished Creatures
  An adder (D:3)
  A dart slug (D:1)
  2 giant geckos
  An orc (D:3)
  6 bats
  5 giant cockroaches
  2 goblins (D:1)
  5 hobgoblins
  4 jackals (D:3)
  3 kobolds
  A quokka (D:2)
  A giant newt (D:3)
  A rat (D:3)
33 creatures vanquished.

Notes
Turn   | Place    | Note
--------------------------------------------------------------
     0 | D:1      | tyrion the Demonspawn Fire Elementalist began the quest for the Orb.
     0 | D:1      | Reached XP level 1. HP: 13/13 MP: 3/3
   189 | D:1      | Gained mutation: You have sharp toenails. [demonic ancestry]
   189 | D:1      | Reached XP level 2. HP: 7/20 MP: 5/5
   761 | D:1      | Learned a level 2 spell: Throw Flame
  1288 | D:2      | Reached XP level 3. HP: 16/25 MP: 2/6
  1496 | D:2      | Noticed Sigmund
  1610 | D:3      | Reached skill level 3 in Fire Magic
  1708 | D:3      | Learned a level 3 spell: Conjure Flame
  1932 | D:3      | HP: 1/37 [poisoned by an adder]
  1937 | D:3      | Succumbed to an adder's poison

Skill      XL: |  1  2  3 |
---------------+----------+-----
Conjurations   | 2 |  2.4
Fire Magic     | 3 |  3.0
Fighting       | |  0.8
Short Blades   | |  0.3
Polearms       | |  0.3
Dodging        | |  1.7
Stealth        | |  1.7
Spellcasting   | |  2.2

Action                   || total
-------------------------++-------
Melee: Spear             ||   152
       Kick              ||    21
       Dagger            ||    17
 Cast: Flame Tongue      ||    21
  Use: Potion            ||     4
  Eat: Chunk             ||     4
Armor: Robe              ||    43
Dodge: Dodged            ||   151
